 Dungeon Crawl Stone Soup version 0.23.2-1-ga50397a (webtiles) character file.

Game seed: 12803508503481063833

7395 grenoire the Cleaver (level 10, -5/90 HPs)
             Began as a Minotaur Berserker on May 2, 2019.
             Was a High Priest of Trog (penitent).
             Slain by a polar bear (11 damage)
             ... created by the rage of Trog
             ... on level 9 of the Dungeon.
             The game lasted 00:35:32 (7222 turns).

grenoire the Cleaver (Minotaur Berserker)           Turns: 7222, Time: 00:35:34

Health: -5/90      AC: 14    Str: 25    XL:     10   Next: 92%
Magic:  19/19      EV: 12    Int:  9    God:    Trog [*]
Gold:   543        SH:  0    Dex: 10    Spells: 7/9 levels left

rFire    . . .     SeeInvis .   o - +2 war axe (flame)
rCold    + . .     Gourm    .   (no shield)
rNeg     . . .     Faith    .   m - +1 scale mail
rPois    +         Spirit   .   C - +3 hat of Pondering {ponderous, MR+ MP+10 Int+5}
rElec    .         Reflect  .   (no cloak)
rCorr    .         Harm     .   (no gloves)
MR       +....                  n - +0 pair of boots
Stlth    ..........             (no amulet)
HPRegen  0.25/turn              y - ring of protection from cold
MPRegen  0.16/turn              x - ring of poison resistance

@: slow
A: retaliatory headbutt, horns 2
a: Renounce Religion


You were on level 9 of the Dungeon.
You worshipped Trog.
Trog was demanding penance.
You were not hungry.

You visited 1 branch of the dungeon, and saw 9 of its levels.

You collected 543 gold pieces.

Inventory:

Hand Weapons
 a - a +1 mace
 o - a +2 war axe of flaming (weapon)
 B - a +5 scimitar
Missiles
 e - 4 tomahawks of dispersal (quivered)
Armour
 b - a +0 animal skin
 m - a +1 scale mail (worn)
 n - a +0 pair of boots (worn)
 C - the +3 hat of Pondering (worn) {ponderous, MR+ MP+10 Int+5}
   (You took it off Gastronok on level 8 of the Dungeon)

   It affects your intelligence (+5).
   It affects your resistance to hostile enchantments.
   It affects your magic capacity (+10).
Jewellery
 d - an uncursed ring of resist corrosion
 x - a ring of poison resistance (right hand)
 y - a ring of protection from cold (left hand)
Wands
 w - a wand of acid (6)
 A - a wand of disintegration (16)
Scrolls
 h - 5 scrolls of remove curse
 j - 13 scrolls of identify
 l - 4 scrolls of fog
 p - 2 scrolls of enchant weapon
Potions
 f - a potion of magic {unknown}
 g - 2 potions of mutation {unknown}
 i - a potion of lignification {unknown}
 k - 3 potions of heal wounds {unknown}
 q - 2 potions of agility {unknown}
 r - a potion of ambrosia {unknown}
 s - a potion of might {unknown}
 t - 3 potions of curing {unknown}
 u - a potion of cancellation {unknown}
 v - 4 potions of degeneration {unknown}
Miscellaneous
 z - a box of beasts
Comestibles
 c - 14 rations


   Skills:
 + Level 8.9 Fighting
 + Level 13.3(13.7) Axes
 + Level 5.8(10.5) Maces & Flails
 + Level 9.6 Armour
 + Level 5.3 Dodging
 + Level 1.9 Stealth
 + Level 1.0 Evocations


You had 7 spell levels left.
You knew the following spells:

 Your Spells              Type           Power        Failure   Level  Hunger
a - Passwall              Tmut/Erth      #.......     77%         2    ###....

Your spell library contained the following spells:

 Spells                   Type           Power        Failure   Level  Hunger
 Magic Dart               Conj           #...         63%         1    ##.....
 Sandblast                Erth           #.....       63%         1    ##.....
 Searing Ray              Conj           #.....       77%         2    ###....
 Dazzling Spray           Conj/Hex       #.....       94%         3    ####...
 Stone Arrow              Conj/Erth      #.....       94%         3    ####...
 Force Lance              Conj/Tloc      #.......     100%        4    #####..
 Fulminant Prism          Conj/Hex       #.........   100%        4    #####..
 Iskenderun's Mystic Bla  Conj           #.......     100%        4    #####..
 Petrify                  Tmut/Erth      #.......     100%        4    #####..
 Lee's Rapid Deconstruct  Erth           #.........   100%        5    ######.


Dungeon Overview and Level Annotations

Branches:
Dungeon (9/15)             Temple (0/1) D:4
   Lair: D:8-11         Orc: D:9-12

Altars:
Ashenzari
Cheibriados
Dithmenos
Okawaru
Qazlal
Ru
Trog
Wu Jian
Yredelemnul
The Shining One


Innate Abilities, Weirdness & Mutations

You reflexively headbutt those who attack you in melee.
You have a pair of horns on your head.


Message History

The polar bear bites you but does no damage.
The polar bear misses you. The polar bear barely misses you.
The black bear rages.
You hear a shout!
Evoke which item? (* to show all) (? for menu, Esc to quit)
Aiming: Disintegrate
Press: ? - help, Shift-Dir - straight line, f - two-headed ogre
Aim: a two-headed ogre, wielding a +0 dire flail and a +0 giant spiked club (moderately wounded, berserk, fast, unusually strong, durably summoned, chance to defeat MR: 52%)
The two-headed ogre is blasted!!
The polar bear misses you.
The polar bear claws you but does no damage. x2
The two-headed ogre hits you with a +0 dire flail!
* * * LOW HITPOINT WARNING * * *
The two-headed ogre closely misses you.
The orc priest looks braver for a moment.
Evoke which item? (* to show all) (? for menu, Esc to quit)
Aiming: Disintegrate
Press: ? - help, Shift-Dir - straight line, f/p - two-headed ogre
Aim: a two-headed ogre, wielding a +0 dire flail and a +0 giant spiked club (heavily wounded, berserk, fast, unusually strong, durably summoned, chance to defeat MR: 52%)
The two-headed ogre is blasted!
The polar bear bites you!
You die... #.....# ooo.

###..### #... #......#
#..Y ###..### #...
#_....# #... ###..##
#..o #....#
#.oD#########8..8#####
+.ohO@hh...........'..
#..h############...###
#... #...# #... #...#
#..$ #...# #... #...#
#... #...# #... #...#
#####


You could see a two-headed ogre (berserk), a polar bear (berserk), a steam
dragon, 3 black bears, an orc priest and an orc wizard.

Vanquished Creatures
  Gastronok (D:8)
  A two-headed ogre (D:9)
  The ghost of RatmanManrat the Basher, a novice MiBe of Trog (D:7)
  Pikel (D:6)
  A hornet (D:7)
  A troll (D:9)
  4 orc warriors
  2 phantoms
  An ice beast (D:5)
  A slave (D:6)
  5 centaurs
  4 ogres
  A crocodile (D:8)
  8 bullfrogs
  A wyvern zombie (D:7)
  4 scorpions
  5 killer bees (D:7)
  5 wights (D:8)
  A crimson imp (D:8)
  A centaur zombie (D:8)
  2 hounds
  4 orc priests
  3 jellies
  2 bullfrog skeletons
  A centaur skeleton (D:7)
  An iguana (D:5)
  7 orc wizards
  7 worker ants
  2 killer bee zombies
  2 hound zombies
  A hound skeleton (D:4)
  A worker ant zombie (D:8)
  11 adders
  7 gnolls
  A howler monkey skeleton (D:7)
  A shadow imp (D:8)
  2 oozes
  An adder skeleton (D:5)
  An adder zombie (D:6)
  2 worms (D:3)
  A dart slug (D:2)
  4 leopard geckos
  29 orcs
  8 bats
  6 giant cockroaches
  9 goblins
  10 hobgoblins
  16 jackals
  7 kobolds
  3 quokkas (D:6)
  3 ball pythons
  6 frilled lizards
  3 goblin skeletons (D:8)
  4 hobgoblin zombies (D:8)
  3 kobold skeletons (D:8)
  A kobold zombie (D:8)
  A leopard gecko skeleton (D:6)
  2 orc skeletons (D:8)
  10 rats
234 creatures vanquished.

Vanquished Creatures (others)
  A water moccasin (D:6)
  2 slaves (D:6)
  An orc (D:6)
  A quokka (D:6)
5 creatures vanquished.

Grand Total: 239 creatures vanquished

Notes
Turn   | Place    | Note
-------+----------+-------------------------------------------
     0 | D:1      | grenoire the Minotaur Berserker began the quest for the
                  | Orb.
     0 | D:1      | Reached XP level 1. HP: 19/19 MP: 0/0
   102 | D:1      | Reached XP level 2. HP: 23/27 MP: 1/1
   567 | D:1      | You fall through a shaft!
   574 | D:2      | Reached XP level 3. HP: 30/33 MP: 2/2
   687 | D:2      | Reached ** piety under Trog
  1125 | D:2      | Found an iron altar of Okawaru.
  1125 | D:2      | Noticed a phantom
  1148 | D:2      | Killed a phantom
  1148 | D:2      | Reached skill level 5 in Maces & Flails
  1148 | D:2      | Reached XP level 4. HP: 27/41 MP: 3/3
  1148 | D:2      | Reached XP level 5. HP: 31/47 MP: 4/4
  1816 | D:3      | Reached skill level 1 in Axes
  2019 | D:3      | Reached *** piety under Trog
  2208 | D:3      | Found a sacrificial altar of Ru.
  2605 | D:4      | Found an ornate altar of the Wu Jian Council.
  2611 | D:4      | Reached XP level 6. HP: 42/55 MP: 5/5
  2641 | D:4      | Reached skill level 2 in Axes
  2768 | D:4      | Found a staircase to the Ecumenical Temple.
  2802 | D:4      | Reached skill level 3 in Axes
  3133 | D:5      | Entered Level 5 of the Dungeon
  3165 | D:5      | Reached skill level 5 in Fighting
  3173 | D:5      | Found a shadowy altar of Dithmenos.
  3218 | D:5      | Reached skill level 4 in Axes
  3269 | D:5      | Reached XP level 7. HP: 60/61 MP: 6/6
  3277 | D:5      | Reached skill level 5 in Axes
  3296 | D:5      | Reached **** piety under Trog
  3537 | D:5      | Reached skill level 5 in Armour
  3556 | D:5      | Reached skill level 6 in Axes
  3718 | D:5      | Reached XP level 8. HP: 70/70 MP: 7/7
  3866 | D:6      | Noticed Pikel
  3877 | D:6      | Killed Pikel
  3877 | D:6      | Reached skill level 8 in Axes
  3877 | D:6      | Reached skill level 1 in Stealth
  4081 | D:6      | Found a shattered altar of Ashenzari.
  4124 | D:6      | Reached skill level 9 in Axes
  4603 | D:7      | Reached XP level 9. HP: 76/78 MP: 8/8
  4861 | D:7      | Found a transporter.
  4875 | D:7      | Found a transporter.
  4888 | D:7      | Noticed RatmanManrat's ghost (novice MiBe)
  4899 | D:7      | Killed RatmanManrat's ghost
  4899 | D:7      | Reached skill level 10 in Axes
  5401 | D:7      | Reached skill level 11 in Axes
  5664 | D:8      | Found a glowing golden altar of the Shining One.
  5844 | D:8      | Reached XP level 10. HP: 71/86 MP: 9/9
  5894 | D:8      | Found a basalt altar of Yredelemnul.
  5947 | D:8      | Reached ***** piety under Trog
  6197 | D:8      | Reached skill level 5 in Dodging
  6629 | D:8      | Noticed Gastronok
  6646 | D:8      | Killed Gastronok
  6646 | D:8      | Reached skill level 12 in Axes
  6660 | D:8      | Found a bloodstained altar of Trog.
  6886 | D:8      | Was placed under penance by Trog
  6889 | D:8      | Learned a level 2 spell: Passwall
  6957 | D:9      | Reached skill level 13 in Axes
  7160 | D:9      | Found a snail-covered altar of Cheibriados.
  7174 | D:9      | Found a stormy altar of Qazlal.
  7206 | D:9      | Noticed a two-headed ogre
  7211 | D:9      | Killed a two-headed ogre
  7211 | D:9      | Reached skill level 1 in Evocations
  7214 | D:9      | Noticed a two-headed ogre
  7222 | D:9      | Slain by a polar bear

Skill      XL: |  1  2  3  4  5  6  7  8  9 10 |
---------------+-------------------------------+-----
Maces & Flails | 4 5 |  5.8
Fighting       | 4 5 6 7 8 |  8.9
Armour         | 3 4 5 6 8 9 |  9.6
Dodging        | 3 4 5 |  5.3
Axes           | 1 4 6 9 11 13 | 13.3
Stealth        | 1 |  1.9
Evocations     | 1 |  1.0

Action                   |  1- 3 |  4- 6 |  7- 9 | 10-12 || total
-------------------------+-------+-------+-------+-------++-------
Melee: Mace              |    77 |    12 |       |       ||    89
       Headbutt          |    10 |    21 |    32 |    10 ||    73
       War axe           |       |    86 |   171 |    76 ||   333
Invok: Berserk           |       |     1 |     3 |     1 ||     5
Evoke: Wand              |       |       |       |     6 ||     6
  Use: Scroll            |     1 |     8 |     1 |       ||    10
  Eat: Ration            |       |     2 |     3 |     1 ||     6
       Chunk             |       |     1 |     5 |     2 ||     8
Armor: Animal skin       |     1 |       |       |       ||     1
       Ring mail         |    33 |       |       |       ||    33
       Scale mail        |     2 |    53 |    76 |    43 ||   174
Dodge: Dodged            |    44 |    77 |    99 |    55 ||   275
